 Dungeon Crawl Stone Soup version 0.24.1-14-gf8d2b509d9 (webtiles) character file.

Game seed: 11713662651635612686, levelgen mode: deterministic

1815 KlarStein the Cutter (level 8, -9/62 HPs)
             Began as a Demonspawn Assassin on Aug 29, 2020.
             Was a Follower of Dithmenos.
             Mangled by a merfolk impaler
             ... wielding a +4 trident
             ... created by the fury of Okawaru
              (17 damage)
             ... on level 6 of the Dungeon.
             The game lasted 00:27:42 (6222 turns).

KlarStein the Cutter (Demonspawn Assassin)          Turns: 6222, Time: 00:27:42

Health: -9/62      AC:  8    Str: 13    XL:     8   Next: 85%
Magic:  8/8        EV: 21    Int: 13    God:    Dithmenos [*.....]
Gold:   14         SH:  0    Dex: 20    Spells: 7/7 levels left

rFire    . . .     SeeInvis .   v - +3 short sword (freeze)
rCold    + . .     Gourm    +   (no shield)
rNeg     + . .     Faith    .   I - +1 leather armour of the Endless Expanse {rN+}
rPois    .         Spirit   .   (no helmet)
rElec    .         Reflect  .   c - +0 cloak
rCorr    .         Harm     .   (no gloves)
MR       .....                  j - +2 pair of boots
Stlth    +++.......             m - amulet of the gourmand
HPRegen  0.20/turn              (no ring)
MPRegen  0.11/turn              (no ring)

@: confused, agile, about to teleport, wreathed by umbra
A: cold resistance 1, powered by pain 1
a: Renounce Religion


You were on level 6 of the Dungeon.
You worshipped Dithmenos.
Dithmenos was aware of your devotion.
You were completely stuffed.

You visited 2 branches of the dungeon, and saw 7 of its levels.

You collected 214 gold pieces.
You spent 200 gold pieces at shops.

Inventory:

Hand Weapons
 a - a +4 dagger
 s - a +2 short sword of holy wrath
 v - a +3 short sword of freezing (weapon)
 D - a +2 short sword of draining
Missiles
 d - 27 poisoned darts (quivered)
 e - 2 curare-tipped darts
Armour
 c - a +0 cloak (worn)
 j - a +2 pair of boots (worn)
 l - a +0 robe
 r - a +0 leather armour
 I - the +1 leather armour of the Endless Expanse (worn) {rN+}
   (You bought it in a shop on level 6 of the Dungeon)

   It protects you from negative energy.
Jewellery
 b - a +4 ring of evasion
 m - an amulet of the gourmand (around neck)
 o - an uncursed amulet of magic regeneration
 E - an uncursed ring of protection from cold
 H - an uncursed ring of protection from fire {unknown}
Wands
 x - a wand of acid (9)
 y - a wand of digging (4)
 A - a wand of enslavement (9)
 B - a wand of flame (21)
 G - a wand of polymorph (9)
Scrolls
 k - 2 scrolls of remove curse
 w - 5 scrolls of identify
 K - a scroll of random uselessness {unknown}
Potions
 g - a potion of haste {unknown}
 h - 2 potions of flight {unknown}
 i - 2 potions of heal wounds
 n - a potion of brilliance {unknown}
 p - a potion of berserk rage {unknown}
 q - a potion of curing
 t - a potion of cancellation {unknown}
 u - a potion of might {unknown}
 J - 2 potions of mutation {unknown}
Comestibles
 f - 16 rations


   Skills:
 + Level 5.0 Fighting
 * Level 6.4 Short Blades
 - Level 1.7 Throwing
 * Level 5.7 Dodging
 + Level 5.9 Stealth


You had 7 spell levels left.
You didn't know any spells.
Your spell library contained the following spells:

 Spells                   Type           Power        Failure   Level  Hunger
 Corona                   Hex            #......      36%         1    ##.....
 Ensorcelled Hibernation  Hex/Ice        #.....       52%         2    ###....
 Confuse                  Hex            #.......     75%         3    ####...
 Dazzling Spray           Conj/Hex       #.....       75%         3    ####...
 Tukima's Dance           Hex            #.......     75%         3    ####...


Dungeon Overview and Level Annotations

Branches:
Dungeon (6/15)             Temple (1/1) D:4

Altars:
Ashenzari
Cheibriados
Dithmenos
Elyvilon
Fedhas
Gozag
Hepliaklqana
Kikubaaqudgha
Makhleb
Nemelex Xobeh
Okawaru
Qazlal
Ru
Sif Muna
Uskayaw
Vehumet
Wu Jian
Xom
Yredelemnul
Zin
The Shining One

Shops:
D:6 *

Annotations:
D:6 Grinder


Innate Abilities, Weirdness & Mutations

Your flesh is cold resistant. (rC+)
You sometimes gain a little power by taking damage.


Message History

Okawaru sends forces against you!
An orc warrior, an orc wizard, 2 merfolk and a merfolk impaler come into view.
As you read the scroll of teleportation, it crumbles to dust.
You feel strangely unstable. The merfolk impaler barely misses you.
The orc wizard casts a spell at you.
You are confused.
The orc warrior misses you.
A merfolk comes into view. It is wielding a +0 spear.
An orc wizard comes into view. It is wielding a +0 dagger.
The merfolk impaler hits you from afar with a +4 trident!
The orc wizard mumbles some strange words.
The orc wizard flickers and vanishes!
Deactivating autopickup; reactivate with Ctrl-A.
The merfolk impaler hits you from afar with a +4 trident!
* * * LOW HITPOINT WARNING * * *
You focus on the pain.
You feel agile all of a sudden.
The merfolk impaler hits you from afar with a +4 trident!
You die...

####.....#.........#####.....
#..........#.###..###...#.
##.#.......#.###..##....##
#..............#........##
##..#.##..{.......##......
#######.mmo.)...##.......
#m.m..##.##........
##o#..##.#.........
#@####..#......... ###
#....###..... ###.. #..#.#
#.# ##.### ### ###


You could see a merfolk impaler, 3 merfolk, an orc warrior and an orc wizard.

Vanquished Creatures
  Menkaure (D:6)
  A black bear (D:6)
  An ice beast (D:5)
  3 ogres
  2 centaurs
  A phantom (D:5)
  2 scorpions (D:5)
  3 crimson imps (D:5)
  2 centaur zombies
  A bullfrog zombie (D:6)
  A hound (D:5)
  3 orc priests
  A centaur skeleton (D:6)
  A jelly (D:3)
  4 orc wizards
  2 iguanas (D:6)
  Jessica (D:2)
  Terence (D:2)
  4 worker ants
  A hound zombie (D:5)
  10 adders
  3 gnolls (D:2)
  A shadow imp (D:6)
  3 adder skeletons
  3 worms
  3 dart slugs (D:1)
  6 leopard geckos
  13 orcs
  A ball python (D:5)
  4 giant cockroaches
  7 goblins
  7 hobgoblins
  2 jackals (D:3)
  8 bats
  6 frilled lizards
  A jackal zombie (D:6)
  6 kobolds
  10 rats
130 creatures vanquished.

Notes
Turn   | Place    | Note
-------+----------+-------------------------------------------
     0 | D:1      | KlarStein the Demonspawn Assassin began the quest for the
                  | Orb.
     0 | D:1      | Reached XP level 1. HP: 16/16 MP: 1/1
    26 | D:1      | Reached skill level 1 in Dodging
   120 | D:1      | Reached skill level 2 in Short Blades
   260 | D:1      | Gained mutation: You sometimes gain a little power by
                  | taking damage. [demonic ancestry]
   260 | D:1      | Reached XP level 2. HP: 21/22 MP: 2/2
   804 | D:2      | Noticed Terence
   824 | D:2      | Gained mutation: Your flesh is cold resistant. (rC+)
                  | [demonic ancestry]
   824 | D:2      | Reached XP level 3. HP: 10/28 MP: 3/3
  1101 | D:2      | Killed Terence
  1608 | D:2      | Found a faded altar of an unknown god.
  1645 | D:2      | Noticed Jessica
  1656 | D:2      | Killed Jessica
  1656 | D:2      | Reached skill level 3 in Short Blades
  1656 | D:2      | Reached XP level 4. HP: 30/34 MP: 4/4
  1968 | D:3      | Reached XP level 5. HP: 35/40 MP: 5/5
  2111 | D:3      | Found a sparkling altar of Nemelex Xobeh.
  3298 | D:4      | Reached XP level 6. HP: 37/47 MP: 6/6
  3432 | D:4      | Reached skill level 4 in Short Blades
  3442 | D:4      | Found a staircase to the Ecumenical Temple.
  3452 | Temple   | Entered the Ecumenical Temple
  3642 | Temple   | Became a worshipper of Warmaster Okawaru
  4140 | D:5      | Entered Level 5 of the Dungeon
  4310 | D:5      | Reached XP level 7. HP: 33/52 MP: 7/7
  4535 | D:5      | Reached * piety under Okawaru
  4811 | D:5      | Reached skill level 5 in Short Blades
  4811 | D:5      | Reached skill level 5 in Stealth
  4990 | D:5      | Found a shimmering blue altar of Sif Muna.
  4990 | D:5      | Found a shadowy altar of Dithmenos.
  5013 | D:5      | Fell from the grace of Okawaru
  5013 | D:5      | Became a worshipper of Dithmenos the Shadowed
  5352 | D:5      | Reached XP level 8. HP: 60/60 MP: 8/8
  5409 | D:6      | Found Wihuan's General Store.
  5473 | D:6      | Bought the +1 leather armour of the Endless Expanse {rN+}
                  | for 200 gold pieces
  5737 | D:6      | Noticed Menkaure
  5740 | D:6      | Reached skill level 5 in Dodging
  5745 | D:6      | Killed Menkaure
  5749 | D:6      | Reached skill level 6 in Short Blades
  5799 | D:6      | Reached * piety under Dithmenos
  5917 | D:6      | Reached skill level 5 in Fighting
  5979 | D:6      | Noticed Grinder
  6150 | D:6      | Noticed a minotaur
  6150 | D:6      | Noticed a cyclops
  6219 | D:6      | Noticed a merfolk impaler
  6219 | D:6      | Noticed a merfolk
  6219 | D:6      | Noticed a merfolk
  6220 | D:6      | Noticed a merfolk
  6222 | D:6      | Mangled by a merfolk impaler

Levels and vault maps discovered:
D:1:      saegor_arrival_simple_d, layout_loops_ring, kennysheep_boxes
D:2:      layout_basic, chequers_ecumenical_altar_grove, eino_tiny_chamber,
          uniq_terence, uniq_jessica
D:3:      layout_rooms, overflow_temple_1_default, first_ration
D:4:      layout_basic, minmay_temple_entry_purple_smoke
D:5:      layout_basic, minitemple, saegor_snake_ambush
D:6:      layout_cave_pools, serial_shops, shop, uniq_menkaure, uniq_grinder
Temple:   regret_index_temple_mists

Skill      XL: |  1  2  3  4  5  6  7  8 |
---------------+-------------------------+-----
Dodging        | 1 2 3 4 5 |  5.7
Short Blades   | 2 3 4 5 6 |  6.4
Stealth        | 4 5 |  5.9
Fighting       | 3 4 5 |  5.0
Throwing       | |  1.7

Action                   |  1- 3 |  4- 6 |  7- 9 || total
-------------------------+-------+-------+-------++-------
Melee: Dagger            |   108 |   270 |   216 ||   594
       Short sword       |       |       |   125 ||   125
Throw: Dart              |     1 |       |       ||     1
Evoke: Wand              |       |       |     1 ||     1
  Use: Scroll            |       |    12 |     6 ||    18
       Potion            |       |       |     3 ||     3
 Stab: Sleeping          |     8 |    10 |     7 ||    25
       Distracted        |       |     3 |     2 ||     5
  Eat: Chunk             |     2 |    19 |     7 ||    28
Armor: Robe              |    19 |    52 |       ||    71
       Leather armour    |       |    21 |    62 ||    83
Dodge: Dodged            |    54 |   157 |   178 ||   389
